 Dungeon Crawl Stone Soup version 0.29-a0-284-gf9362112df (webtiles) character file.

Game seed: 16198846184552442691

366 sammy202020 the Skirmisher (level 6, -2/40 HPs)
             Began as a Gargoyle Berserker on Mar 16, 2022.
             Was a Believer of Trog.
             Slain by Menkaure (8 damage)
             ... on level 4 of the Dungeon.
             The game lasted 00:05:58 (4455 turns).

sammy202020 the Skirmisher (Gargoyle Berserker)     Turns: 4455, Time: 00:05:59

Health: -2/40      AC: 15    Str: 20    XL:     6   Next: 68%
Magic:  6/6        EV:  8    Int: 10    God:    Trog [**....]
Gold:   135        SH:  0    Dex:  9    Spells: 5/5 levels left

rFire   . . .      SeeInvis .   l - +0 flail
rCold   + . .      Faith    .   (no shield)
rNeg    + . .      Spirit   .   e - +0 chain mail
rPois   ∞          Reflect  .   (no helmet)
rElec   +          Harm     .   q - +0 cloak {Stlth+}
rCorr   .          Rampage  .   (no gloves)
Will    .....                   (no boots)
Stlth   ..........              (no amulet)
HPRegen 0.13/turn               g - ring of protection from cold
MPRegen 0.10/turn               (no ring)

@: no status effects
A: sickness immunity, AC +4, negative energy resistance 1, electricity
resistance, torment resistance 1, petrification resistance
a: Renounce Religion, Berserk, Trog's Hand


You were on level 4 of the Dungeon.
You worshipped Trog.
Trog was pleased with you.
You visited 1 branch of the dungeon, and saw 4 of its levels.

You collected 135 gold pieces.

Inventory:

Hand Weapons
 a - a +0 mace
 l - a +0 flail (weapon)
Missiles
 c - 2 poisoned darts
 f - 6 boomerangs (quivered)
Armour
 e - a +0 chain mail (worn)
 q - a +0 cloak of stealth (worn)
Jewellery
 g - a ring of protection from cold (left hand)
Scrolls
 m - a scroll of silence {unknown}
 o - 4 scrolls of teleportation
 r - a scroll of identify {unknown}
Potions
 b - a potion of berserk rage {unknown}
 d - a potion of magic {unknown}
 h - a potion of cancellation {unknown}
 i - 3 potions of curing {unknown}
 j - a potion of mutation {unknown}
 k - a potion of attraction {unknown}
 n - 2 potions of haste {unknown}
 p - 2 potions of degeneration {unknown}


   Skills:
 * Level 5.1 Fighting
 * Level 4.6 Maces & Flails
 * Level 4.3 Armour
 + Level 2.5 Dodging


You had 5 spell levels left.
You didn't know any spells.
Your spell library was empty.

Dungeon Overview and Level Annotations

Branches:
Dungeon (4/15)
 Temple: D:4-7

Altars:

Annotations:
D:4 Menkaure


Innate Abilities, Weirdness & Mutations

You are immune to sickness and miasma.
Your stone body is resilient. (AC +4)
You are immune to poison.
You resist negative energy. (rN+)
You are resistant to electric shocks. (rElec)
You are resistant to unholy torment.
You are immune to petrification.


Message History

You hit the adder but do no damage.
The adder bites you but does no damage. x2
You thump the adder!
You kill the adder!
Trog accepts your kill.
No target in view!
No target in view!
No target in view!
No target in view!
No target in view!
No target in view!
No target in view!
No target in view!
Found a ring mail.
You see here a +0 ring mail.
You see here a +0 ring mail.
There is a stone staircase leading up here.
o - 4 scrolls of teleportation (gained 1)
You now have 135 gold pieces (gained 15).
Found a stone staircase leading down.
Menkaure, Prince of Dust comes into view.
Menkaure shouts!
Menkaure gestures wildly while chanting.
Menkaure seems to speed up.
Menkaure hits you!
You thump Menkaure!
Menkaure is moderately damaged.
Menkaure points at you and mumbles some strange words.
You barely resist. Menkaure hits you.
You closely miss Menkaure.
Menkaure is moderately damaged.
Menkaure barely misses you.
You sock Menkaure!
Menkaure is severely damaged.
Menkaure hits you but does no damage.
You hit Menkaure.
Menkaure is almost destroyed.
Menkaure hits you!!
* * * LOW HITPOINT WARNING * * *
Menkaure hits you!
You die...

... #....###..##....##
......#...#..###.....#.
....#####...###.> ...
.... ##....#.###.# ...
#...###.....## .
#..##..#.......#..
#....#..............
........#.....#.....#.
......#.......##@..##
..>...###.....#.M...#
......####..............
......#.###..#.......#..
.....##.....###.....## .
.###.#.......#..###..
...##........... ...
#.>.#.#.....#... ...#
###...##...## .


You could see Menkaure (fast).

Vanquished Creatures
  Sigmund (D:3)
  A phantom (D:4)
  4 gnolls (D:4)
  3 adders
  3 worms
  A dart slug (D:1)
  3 orcs (D:3)
  10 ball pythons
  2 endoplasms
  A giant cockroach (D:3)
  3 goblins
  9 hobgoblins
  6 quokkas
  5 bats
  A frilled lizard (D:1)
  3 kobolds
  5 rats
61 creatures vanquished.

Vanquished Creatures (others)
  3 plants (D:4)
3 creatures vanquished.

Grand Total: 64 creatures vanquished

Notes
Turn   | Place    | Note
-------+----------+-------------------------------------------
     0 | D:1      | sammy202020 the Gargoyle Berserker began the quest for the
                  | Orb.
     0 | D:1      | Reached XP level 1. HP: 14/14 MP: 1/1
   289 | D:1      | Reached XP level 2. HP: 6/19 MP: 2/2
  1424 | D:1      | Reached XP level 3. HP: 21/24 MP: 3/3
  2020 | D:2      | Found a faded altar of an unknown god.
  2060 | D:2      | Reached ** piety under Trog
  2205 | D:2      | Reached skill level 4 in Fighting
  2208 | D:2      | Reached XP level 4. HP: 27/29 MP: 4/4
  2770 | D:3      | Noticed Sigmund
  2807 | D:3      | Killed Sigmund
  2808 | D:3      | Reached XP level 5. HP: 9/34 MP: 5/5
  3035 | D:3      | Reached XP level 6. HP: 39/39 MP: 6/6
  4137 | D:4      | Reached skill level 5 in Fighting
  4449 | D:4      | Noticed Menkaure
  4455 | D:4      | Slain by Menkaure

Illustrated notes

Levels and vault maps discovered:
D:1:      dpeg_arrival_shrine, layout_loops_corners
D:2:      layout_basic, chequers_ecumenical_altar_simple_redux
D:3:      layout_loops_cross, uniq_sigmund
D:4:      nicolae_cairo_tiling_large_dashed, layout_layer_cave,
          marbit_many_paths, serial_forest, infiniplex_forest_clump_tiny,
          infiniplex_forest_lined_ring, infiniplex_forest_clump_C,
          infiniplex_forest_clump_double, infiniplex_forest_lined_corner,
          infiniplex_forest_end_2, infiniplex_forest_lined_room_,
          infiniplex_forest_lined_3, minmay_misc_feat_ornament, uniq_menkaure

Skill      XL: |  1  2  3  4  5  6 |
---------------+-------------------+-----
Fighting       | 4 5 |  5.1
Armour         | 3 4 |  4.3
Dodging        | 2 |  2.5
Maces & Flails | 4 |  4.6

Action                   |  1- 3 |  4- 6 || total
-------------------------+-------+-------++-------
Melee: Mace              |   115 |     9 ||   124
       Flail             |       |   110 ||   110
       Punch             |       |     2 ||     2
Throw: Boomerang         |     1 |       ||     1
Invok: Berserk           |     1 |     2 ||     3
       Trog's Hand       |       |     2 ||     2
  Use: Scroll            |     3 |     2 ||     5
Armor: Animal skin       |    14 |       ||    14
       Chain mail        |    53 |    82 ||   135
Dodge: Dodged            |    49 |    39 ||    88

Table legend: (Time is in decaauts)
 A = Elapsed time spent in this place.
 B = Non-inter-level travel time spent in this place.
 C = Inter-level travel time spent in this place.
 D = Time resting spent in this place.
 E = Time spent auto-exploring this place.
 F = Levels seen in this place.
 G = Mean time per level.
                   A        B        C        D        E       F      G
               +--------+--------+--------+--------+--------+-----+--------+
         Total |   4524 |   4246 |    278 |    464 |   3042 |   4 | 1131.0 |
       Dungeon |   4524 |   4246 |    278 |    464 |   3042 |   4 | 1131.0 |
               +--------+--------+--------+--------+--------+-----+--------+

Top non-repeatable levels by time:
     D:1: 1859 daAuts
     D:3: 1269 daAuts
     D:2: 803 daAuts
     D:4: 592 daAuts
